 Dungeon Crawl Stone Soup version 0.29.1-15-g9cfb28693d (webtiles) character file.

Game seed: 7382279874758278657

18068 javelincjr the Warrior (level 12, -1/121 HPs)
             Began as a Minotaur Berserker on Apr 28, 2023.
             Was an Elder of Trog.
             Slain by Sonja
             ... wielding a +2 dagger of distortion
              (16 damage)
             ... on level 12 of the Dungeon.
             The game lasted 00:40:44 (12076 turns).

javelincjr the Warrior (Minotaur Berserker)        Turns: 12076, Time: 00:40:45

Health: -1/121     AC: 18    Str: 27    XL:     12   Next: 24%
Magic:  11/11      EV: 17    Int:  4    God:    Trog [****..]
Gold:   1436       SH:  0    Dex: 18    Spells: 11/11 levels left

rFire   . . .      SeeInvis .   S - +8 scimitar of Dikhoguo {freeze, Fly rPois Str+2}
rCold   + . .      Faith    .   (no shield)
rNeg    . . .      Spirit   .   k - +2 plate armour {rC+}
rPois   +          Reflect  .   (helmet restricted)
rElec   .          Harm     .   y - scarf {repulsion}
rCorr   .          Rampage  +   d - +0 pair of gloves
Will    ++...                   U - +2 pair of boots {rampage}
Stlth   ..........              (no amulet)
HPRegen 1.30/turn               u - +6 ring of dexterity
MPRegen 0.12/turn               M - +4 ring of evasion

@: lethally poisoned (-1 -> -4), strong-willed, corroded, on berserk cooldown,
flying, regenerating, slowed, repel missiles, very slow
A: horns 2, retaliatory headbutt
a: Renounce Religion, Berserk, Trog's Hand, Brothers in Arms


You were on level 12 of the Dungeon.
You worshipped Trog.
Trog was greatly pleased with you.
You visited 2 branches of the dungeon, and saw 13 of its levels.
You also visited: Ossuary and Bailey.

You collected 1436 gold pieces.

Inventory:

Hand Weapons
 a - a +2 halberd of freezing
 c - a +2 mace of distortion
 q - a +3 broad axe
 E - a +6 flail of protection
 S - the +8 scimitar of Dikhoguo (weapon) {freeze, Fly rPois Str+2}
   (You found it in a bailey)

   It freezes those it strikes, dealing additional cold damage.
   It can also slow down cold-blooded creatures.
   Str:       It affects your strength (+2).
   rPois:     It protects you from poison.
   Fly:       It grants you flight.
 X - a +0 halberd of flaming
Missiles
 i - 5 atropa-tipped darts
 o - 8 javelins
 p - 27 poisoned darts
 t - 37 boomerangs (quivered)
Armour
 d - a +0 pair of gloves (worn)
 k - a +2 plate armour of cold resistance (worn)
 y - a scarf of repulsion (worn)
 F - a +3 ring mail of cold resistance
 U - a +2 pair of boots of rampaging (worn)
 Y - +0 swamp dragon scales
Jewellery
 u - a +6 ring of dexterity (left hand)
 x - a ring of poison resistance
 M - a +4 ring of evasion (right hand)
 Q - a ring of flight
 W - a ring of willpower
Wands
 l - a wand of mindburst (5)
 s - a wand of roots (5)
 V - a wand of acid (5)
Scrolls
 b - a scroll of brand weapon {unknown}
 f - 4 scrolls of poison
 j - a scroll of enchant weapon
 m - a scroll of enchant armour
 r - 3 scrolls of butterflies
 B - a scroll of summoning {unknown}
 D - 4 scrolls of teleportation
 G - 3 scrolls of noise
 H - 8 scrolls of magic mapping
 K - a scroll of immolation {unknown}
 L - a scroll of vulnerability {unknown}
 N - 5 scrolls of fear {unknown}
 P - 4 scrolls of amnesia {unknown}
 Z - a scroll of blinking {unknown}
Potions
 e - 5 potions of heal wounds
 g - 5 potions of flight
 h - 2 potions of ambrosia
 n - a potion of cancellation {unknown}
 v - 2 potions of haste {unknown}
 w - 2 potions of degeneration {unknown}
 z - 5 potions of lignification
 A - 6 potions of might
 I - 3 potions of magic
 J - 3 potions of berserk rage {unknown}
 O - 7 potions of curing
 R - 2 potions of attraction {unknown}
 T - a potion of resistance {unknown}


   Skills:
 * Level 15.5 Fighting
 + Level 7.5 Long Blades
 - Level 8.7 Axes
 + Level 11.1 Armour
 + Level 10.3 Dodging


You had 11 spell levels left.
You didn't know any spells.
Your spell library was empty.

Dungeon Overview and Level Annotations

Branches:
Dungeon (12/15)            Temple (1/1) D:5            Lair (0/5) D:9
    Orc (0/2) D:9         Ossuary (visited)          Bailey (visited)

Altars:
Ashenzari
Cheibriados
Dithmenos
Elyvilon
Fedhas
Gozag
Hepliaklqana
Kikubaaqudgha
Makhleb
Nemelex Xobeh
Okawaru
Qazlal
Ru
Sif Muna
Trog
Uskayaw
Vehumet
Wu Jian
Xom
Yredelemnul
Zin
The Shining One

Shops:
D:9 [

Annotations:
D:12 Nessos, Sonja


Innate Abilities, Weirdness & Mutations

You have a pair of horns on your head.
You reflexively headbutt those who attack you in melee.


Message History

The acid dragon claws you but does no damage.
You slash the acid dragon! You freeze the acid dragon.
You kill the acid dragon!
Trog accepts your kill.
Sonja shouts, "Some dancing partner you are!"
Sonja throws a curare-tipped dart.
The curare-tipped dart closely misses you.
Your skin crawls.
You feel strong-willed. Trog will no longer gift you weapons.
Nessos gestures wildly while chanting.
Nessos blinks!
Nessos shoots an arrow.
The arrow is repelled.
Nessos shoots an arrow.
The arrow barely misses you.
A gargoyle comes into view. It is wielding a +0 flail.
Sonja misses you. Sonja hits you but does no damage. Sonja barely misses you.
You slash Sonja! You freeze Sonja.
Sonja is heavily wounded.
Nessos shoots an arrow.
The arrow misses you. Sonja closely misses you.
Sonja hits you but does no damage.
Sonja hits you with a +2 dagger of distortion.
Space warps around you.
Nessos shoots an arrow.
The arrow misses you.
The arrow barely misses Sonja.
Sonja barely misses you. Sonja hits you but does no damage.
Space warps horribly around you!
* * * LOW HITPOINT WARNING * * *
Sonja hits you but does no damage.
You hit Sonja. You freeze Sonja.
Sonja is severely wounded.
Nessos is no longer moving quickly.
Nessos mumbles some strange words.
Nessos seems to speed up.
Nessos shoots an arrow.
The arrow closely misses you.
The arrow completely misses Sonja.
Sonja hits you but does no damage.
Sonja closely misses you. x2; Nessos shoots an arrow.
The arrow hits you.
* * * LOW HITPOINT WARNING * * *
The arrow burns you.
You are poisoned.
* * * LOW HITPOINT WARNING * * *
Sonja hits you with a +2 dagger of distortion!
* * * LOW HITPOINT WARNING * * *
Space warps horribly around you!
You die...

#.# #.. .. #..# .....
#.# #...# ....
#..##....## 9..
###.........# ..#
.......##...## ..#
.............####..#
#..............K.#
#...<#....#....@.##
#....##...........##
#.....##........c...##.
#......#...............
#...........###....##.>.
............###...## #.
.............#...##
#................#
....#.........#


You could see Nessos (fast), Sonja and a gargoyle.

Vanquished Creatures
  A boulder beetle (D:11)
  5 two-headed ogres (D:11)
  A death knight (D:11)
  The ghost of 0gre the Frost Mage, a novice GnIE of Gozag (D:7)
  2 orc knights (Bailey)
  A cyclops (D:11)
  Maggie (D:8)
  2 kobold demonologists (D:10)
  3 unseen horrors
  Psyche (D:10)
  A komodo dragon (D:9)
  3 freezing wraiths (D:11)
  Grinder (D:6)
  A wraith (D:11)
  2 shadows (D:10)
  A wyvern (D:7)
  A vampire (D:9)
  20 yaks
  4 vampire mosquitoes (D:11)
  2 steam dragons (D:9)
  Edmund (D:4)
  An acid dragon (D:12)
  A water moccasin (D:5)
  9 orc warriors
  2 ogres
  2 centaurs
  An elf zombie (Ossuary)
  A kobold brigand (D:10)
  A bullfrog (D:7)
  A necrophage (D:6)
  3 scorpions
  9 wights
  10 killer bees (D:9)
  12 howler monkeys
  4 centaur zombies (Ossuary)
  5 human zombies (Ossuary)
  4 hounds
  2 orc priests
  2 gnoll boudas
  2 jellies (D:7)
  6 iguanas
  12 orc wizards
  3 mummies (Ossuary)
  12 gnolls
  7 adders
  A white imp (D:7)
  2 ufetubi
  3 dart slugs
  22 orcs
  10 endoplasms
  2 giant cockroaches (D:2)
  13 goblins
  14 hobgoblins
  19 kobolds
  7 quokkas
  6 ball pythons
  3 bats (D:1)
  2 frilled lizards
  A rat (D:2)
272 creatures vanquished.

Vanquished Creatures (others)
  20 plants
20 creatures vanquished.

Grand Total: 292 creatures vanquished

Notes
Turn   | Place    | Note
-------+----------+-------------------------------------------
     0 | D:1      | javelincjr the Minotaur Berserker began the quest for the
                  | Orb.
     0 | D:1      | Reached XP level 1. HP: 19/19 MP: 0/0
   211 | D:1      | Found a faded altar of an unknown god.
   227 | D:1      | Reached XP level 2. HP: 26/27 MP: 1/1
   228 | D:1      | Reached skill level 4 in Fighting
   918 | D:1      | Reached XP level 3. HP: 33/33 MP: 2/2
   989 | D:2      | Found a burning altar of Makhleb.
  1400 | D:2      | Reached ** piety under Trog
  1893 | D:3      | Reached XP level 4. HP: 36/41 MP: 3/3
  2057 | D:3      | Found a white marble altar of Elyvilon.
  2060 | D:3      | Found an ornate altar of the Wu Jian Council.
  2064 | D:3      | Found a glowing golden altar of the Shining One.
  2457 | D:3      | Found a glowing silver altar of Zin.
  2607 | D:4      | Reached skill level 5 in Fighting
  2627 | D:4      | Noticed Edmund
  2631 | D:4      | Reached XP level 5. HP: 48/48 MP: 4/4
  2646 | D:4      | Killed Edmund
  2647 | D:4      | Reached XP level 6. HP: 37/57 MP: 5/5
  2808 | D:4      | Reached skill level 6 in Fighting
  2897 | D:4      | Reached skill level 5 in Axes
  3290 | D:5      | Entered Level 5 of the Dungeon
  3290 | D:5      | Noticed a water moccasin
  3297 | D:5      | Killed a water moccasin
  3298 | D:5      | Reached XP level 7. HP: 64/64 MP: 6/6
  3299 | D:5      | Reached skill level 7 in Fighting
  3342 | D:5      | Found a staircase to the Ecumenical Temple.
  3369 | D:5      | Reached skill level 5 in Armour
  3481 | D:5      | Found a sand-covered staircase.
  3486 | Ossuary  | Entered an ossuary
  3582 | Ossuary  | Reached *** piety under Trog
  3588 | Ossuary  | Reached skill level 8 in Fighting
  3588 | Ossuary  | Reached XP level 8. HP: 72/74 MP: 7/7
  3597 | Ossuary  | Reached skill level 5 in Dodging
  4077 | D:5      | Found a snail-covered altar of Cheibriados.
  4193 | D:5      | Reached skill level 9 in Fighting
  4527 | Temple   | Entered the Ecumenical Temple
  4964 | D:6      | Reached XP level 9. HP: 72/85 MP: 8/8
  5316 | D:6      | Noticed Grinder
  5321 | D:6      | Paralysed by Grinder for 4 turns
  5327 | D:6      | Killed Grinder
  5328 | D:6      | Reached skill level 10 in Fighting
  5502 | D:6      | Found an iron altar of Okawaru.
  5767 | D:7      | Found a flagged portal.
  5773 | D:7      | Reached **** piety under Trog
  5838 | Bailey   | Entered a bailey
  5866 | Bailey   | Noticed an orc knight
  5870 | Bailey   | Noticed an orc knight
  5884 | Bailey   | Killed an orc knight
  5885 | Bailey   | Reached skill level 11 in Fighting
  5994 | Bailey   | Killed an orc knight
  5995 | Bailey   | Reached XP level 10. HP: 96/96 MP: 9/9
  6118 | Bailey   | Identified the +8 scimitar of Dikhoguo {freeze, Fly rPois
                  | Str+2}
  6542 | D:7      | Found a runed translucent gate.
  6542 | D:7      | Found a runed translucent gate.
  6542 | D:7      | Found a runed translucent gate.
  6544 | D:7      | Noticed 0gre's ghost (novice GnIE)
  6887 | D:7      | Killed 0gre's ghost
  6888 | D:7      | Reached skill level 12 in Fighting
  6888 | D:7      | Reached skill level 1 in Long Blades
  7100 | D:8      | Noticed Maggie
  7120 | D:8      | Killed Maggie
  8308 | D:9      | Found a staircase to the Lair.
  8340 | D:9      | Found Liamupid's Armour Emporium.
  8403 | D:9      | Reached skill level 13 in Fighting
  9018 | D:9      | Reached XP level 11. HP: 107/107 MP: 10/10
  9036 | D:9      | Reached ***** piety under Trog
  9351 | D:9      | Found a staircase to the Orcish Mines.
  9742 | D:10     | Entered Level 10 of the Dungeon
  9797 | D:10     | Reached skill level 5 in Long Blades
 10052 | D:10     | Reached skill level 14 in Fighting
 10052 | D:10     | Reached skill level 10 in Armour
 10390 | D:10     | Noticed Psyche
 10393 | D:10     | Killed Psyche
 10626 | D:11     | Noticed a two-headed ogre
 10631 | D:11     | Killed a two-headed ogre
 10632 | D:11     | Noticed a boulder beetle
 10669 | D:11     | Killed a boulder beetle
 11374 | D:11     | Noticed a two-headed ogre
 11379 | D:11     | Killed a two-headed ogre
 11427 | D:11     | Noticed a death knight
 11429 | D:11     | Noticed a two-headed ogre
 11435 | D:11     | Killed a death knight
 11436 | D:11     | Reached skill level 15 in Fighting
 11443 | D:11     | Reached skill level 10 in Dodging
 11443 | D:11     | Reached XP level 12. HP: 119/119 MP: 11/11
 11448 | D:11     | Killed a two-headed ogre
 11477 | D:11     | Noticed a two-headed ogre
 11484 | D:11     | Killed a two-headed ogre
 11966 | D:11     | Noticed a two-headed ogre
 11972 | D:11     | Killed a two-headed ogre
 12057 | D:12     | Noticed Nessos
 12068 | D:12     | Noticed Sonja
 12076 | D:12     | Slain by Sonja

Illustrated notes

Levels and vault maps discovered:
D:1:      dpeg_arrival_central, layout_rooms,
          hellmonk_ecumenical_altar_lost_god, minmay_misc_feat_enclosed
D:2:      layout_loops_corners, basic_altar
D:3:      layout_loops_ring, grunt_temple_overflow_diamond,
          mainiacjoe_overflow_alcove_2
D:4:      minmay_chambers_of_threes, layout_cave_pools, uniq_edmund
D:5:      layout_cave_pods, lemuel_doored_altar,
          minmay_temple_entry_gardened_gates,
          nicolae_ossuary_entry_false_entrances, st_stairs_8
D:6:      layout_loops_ring, kennysheep_okawaru_gauntlet, uniq_grinder
D:7:      layout_loops_cross, enter_bailey_5, ebering_ghost_rock_garden
D:8:      layout_rooms, minmay_misc_feat_square, uniq_maggie
D:9:      layout_basic, david_lair_shrubbed, david_orc_4, serial_shops,
          nicolae_shop_waterfront
D:10:     layout_gridville, uniq_psyche
D:11:     layout_basic
D:12:     layout_layer_cave, uniq_nessos, uniq_jorgrun, uniq_sonja
Temple:   kb_temple_of_zot

Skill      XL: |  1  2  3  4  5  6  7  8  9 10 11 12 |
---------------+-------------------------------------+-----
Fighting       | 4 5 6 8 9 11 13 15 | 15.5
Axes           | 4 5 6 7 8 |  8.7
Armour         | 3 4 5 6 8 9 10 11 | 11.1
Dodging        | 3 4 6 7 8 10 | 10.3
Long Blades    | 4 7 |  7.5

Action                   |  1- 3 |  4- 6 |  7- 9 | 10-12 || total
-------------------------+-------+-------+-------+-------++-------
Melee: Mace              |    48 |    67 |    82 |       ||   197
       Headbutt          |     2 |     4 |    49 |    65 ||   120
       Punch             |       |       |     4 |     4 ||     8
       Flail             |       |       |   128 |     8 ||   136
       Halberd           |       |       |    12 |       ||    12
       Scimitar          |       |       |       |   282 ||   282
Throw: Javelin           |     1 |     1 |       |       ||     2
       Boomerang         |       |       |    24 |    10 ||    34
Invok: Berserk           |     1 |     2 |     5 |     9 ||    17
       Trog's Hand       |       |       |       |     4 ||     4
       Brothers in Arms  |       |       |       |     1 ||     1
Evoke: Wand              |       |       |       |     1 ||     1
  Use: Scroll            |       |       |    12 |     7 ||    19
Armor: Animal skin       |     4 |       |       |       ||     4
       Ring mail         |     3 |    18 |    70 |    75 ||   166
       Plate armour      |       |    10 |       |   157 ||   167
Dodge: Dodged            |    29 |    41 |   218 |   485 ||   773
       Repelled          |       |     1 |     1 |     8 ||    10
